 Seeded DCSS version 0.31-a0-626-g8143ab4f1d (webtiles) character file.

Game seed: 12485923201681380469 (custom seed)

2393 innerfire43 the Grappler (level 9, -2/58 (69) HPs)
             Began as a Gnoll Shapeshifter on Aug 24, 2023.
             Was a Priest of Cheibriados.
             Slain by a wight
             ... wielding a +3 battleaxe
              (8 damage)
             ... on level 7 of the Dungeon.
             The game lasted 00:07:56 (6250 turns).

innerfire43 the Grappler (Gnoll Shapeshifter)       Turns: 6250, Time: 00:07:57

HP:   -2/58 (69)    AC: 10    Str: 32    XL:     9   Next: 46%
MP:   17/17         EV: 16    Int: 23    God:    Cheibriados [***...]
Gold: 423           SH:  0    Dex: 20    Spells: 19/19 levels left

rFire   . . .        C - +6 great sword
rCold   . . .        (shield currently unavailable)
rNeg    . . .        o - +4 ring mail
rPois   .            x - melded +1 hat of the Hart {Slay+5}
rElec   .            (cloak currently unavailable)
rCorr   .            K - melded +0 pair of gloves
SInv    .            (boots currently unavailable)
Will    .....        (no amulet)
Stlth   +++          h - +6 ring of strength
HPRegen 0.29/turn    E - +6 ring of intelligence
MPRegen 0.15/turn

%: no passive effects
@: beast-form, heavily drained, very slow
A: beast (slay +4), fangs 1, strong nose, distributed training
a: Begin Untransformation, Renounce Religion, Bend Time, Temporal Distortion


You were on level 7 of the Dungeon.
You worshipped Cheibriados.
Cheibriados was most pleased with you.
You were a hulking beast.
You visited 1 branch of the dungeon, and saw 7 of its levels.
You also visited: Sewer.

You collected 423 gold pieces.

Inventory:

Hand Weapons
 u - a +0 dagger
 C - a +6 great sword (weapon)
Missiles
 n - a throwing net
Armour
 a - a +0 animal skin
 o - a +4 ring mail (worn)
 t - a +0 helmet
 x - the +1 hat of the Hart (melded) {Slay+5}
   (You acquired it on level 4 of the Dungeon)

   Slay+5:    It affects your accuracy & damage with ranged weapons and melee
   (+5).
 K - a +0 pair of gloves (melded)
Jewellery
 h - a +6 ring of strength (left hand)
 E - a +6 ring of intelligence (right hand)
Talismans
 c - a beast talisman (active)
 d - a flux talisman
 j - a blade talisman
Wands
 y - a wand of iceblast (8)
 D - a wand of light (12)
 J - a wand of digging (8)
Scrolls
 f - 2 scrolls of vulnerability {unknown}
 k - 4 scrolls of amnesia {unknown}
 l - 3 scrolls of immolation {unknown}
 m - a scroll of blinking {unknown}
 p - 2 scrolls of revelation {unknown}
 q - a scroll of enchant armour {unknown}
 r - 2 scrolls of fog {unknown}
 v - 4 scrolls of teleportation
 w - a scroll of butterflies {unknown}
 G - 3 scrolls of identify {unknown}
Potions
 b - a potion of lignification
 e - 3 potions of enlightenment {unknown}
 g - 4 potions of haste {unknown}
 i - a potion of berserk rage {unknown}
 s - 2 potions of degeneration {unknown}
 z - a potion of mutation {unknown}
 A - a potion of might
 B - a potion of brilliance
 H - a potion of curing {unknown}


   Skills:
 + Level 6.2 Fighting
 + Level 5.5 Short Blades
 + Level 5.5 Long Blades
 + Level 5.5 Axes
 + Level 5.5 Maces & Flails
 + Level 5.5 Polearms
 + Level 5.5 Staves
 + Level 5.5 Ranged Weapons
 + Level 5.5 Throwing
 + Level 5.5 Armour
 + Level 7.3 Dodging
 + Level 5.5 Stealth
 + Level 5.5 Shields
 + Level 8.7 Unarmed Combat
 + Level 5.5 Spellcasting
 + Level 4.6 Conjurations
 + Level 4.6 Hexes
 + Level 4.6 Summonings
 + Level 4.6 Necromancy
 + Level 4.6 Translocations
 + Level 4.6 Transmutations
 + Level 4.6 Fire Magic
 + Level 4.6 Ice Magic
 + Level 4.6 Air Magic
 + Level 4.6 Earth Magic
 + Level 4.6 Poison Magic
 + Level 6.1 Invocations
 + Level 5.5 Evocations
 + Level 8.3 Shapeshifting


You had 19 spell levels left.
You didn't know any spells.
Your spell library contained the following spells:

 Spells                   Type           Power      Damage    Failure   Level
 Slow                     Hex            100%       N/A       1%          1
 Blink                    Tloc           54%        N/A       2%          2
 Lesser Beckoning         Tloc           54%        N/A       2%          2
 Momentum Strike          Conj/Tloc      54%        3d9       2%          2
 Confusing Touch          Hex            27%        N/A       5%          3
 Vampiric Draining        Necr           27%        2d7       5%          3


Dungeon Overview and Level Annotations

Branches:
Dungeon (7/15)             Temple (0/1) D:6           Sewer (visited)

Altars:
Cheibriados
Elyvilon
Hepliaklqana
Kikubaaqudgha
Ru
Wu Jian
Xom
Zin


Innate Abilities, Weirdness & Mutations

You are a hulking beast.
Your limbs bulge with bestial killing power. (Slay +4)
You have very sharp teeth.
Your uncanny sense of smell can sniff out nearby items.
Your experience applies equally to all skills.


Message History

Key pressed, stopping explore.
No target in view!
Key pressed, stopping explore.
No target in view!
Key pressed, stopping explore.
No target in view!
No target in view!
You see here a +0 orcbow.
There is an open door here.
Key pressed, stopping explore.
No target in view!
Found a stone staircase leading down.
No target in view!
A kobold is nearby!
You barely miss the kobold. The kobold closely misses you.
A kobold is nearby!
You slice the kobold!!
You kill the kobold!
Cheibriados appreciates the change of pace.
Cheibriados raises the support of your attributes as your movement slows. 5 wights come into view.
Found a puce potion.
Found a short sword.
There are monsters nearby!
The wight hits you with a +3 battleaxe!
You completely miss the wight. The wight barely misses you.
The wight hits you from afar with a +1 spear.
The wight hits you with a +3 battleaxe!
You feel drained.
The wight hits you from afar with a +1 spear.
You feel drained. The wight hits you with a +0 dagger.
The wight barely misses you. The wight hits you with a +3 battleaxe.
You feel drained.
* * * LOW HITPOINT WARNING * * *
The wight attacks as it pursues you!
The wight hits you with a +5 morningstar!
* * * LOW HITPOINT WARNING * * *
You feel drained.
* * * LOW HITPOINT WARNING * * *
The wight misses you. x2; The wight hits you with a +3 battleaxe!
You die...

##.# #.....###
#.###..# #.....'))
#.##..####.....###
#.#......#...).#
#.#.##.#.#.....#
#.#>.)...#.....#
#.#.##.###.....#
#######'#.##.#
#.....#
..z...zh.....#
#.....#
.....!zz..####
#.....#
.)...z....#
#...[.#
........:.#
#.....#
#########.#
#.....# #..
#.....# ###.
####### #. ##


You could see 5 wights.

Vanquished Creatures
  An orc warrior (D:7)
  2 ice beasts
  An ogre (D:5)
  2 centaurs
  A phantom (D:7)
  3 kobold brigands (D:7)
  A bullfrog (D:7)
  5 scorpions
  3 wights (D:7)
  A jelly (D:6)
  2 hounds
  An iron imp (D:3)
  2 orc priests
  A gnoll bouda (D:6)
  2 iguanas (D:6)
  2 sleepcaps
  Terence (D:2)
  5 orc wizards
  A hell rat (Sewer)
  Robin (D:3)
  7 gnolls (D:6)
  2 river rats (Sewer)
  3 adders
  A shadow imp (D:5)
  A white imp (D:5)
  An ufetubus (D:5)
  A worm (D:2)
  A dart slug (D:3)
  25 orcs
  5 endoplasms
  6 giant cockroaches
  14 goblins
  19 hobgoblins
  23 kobolds
  5 quokkas
  5 ball pythons
  5 bats
  A frilled lizard (D:2)
  11 rats
174 creatures vanquished.

Notes
Turn   | Place    | Note
-------+----------+-------------------------------------------
     0 | D:1      | innerfire43 the Gnoll Shapeshifter began the quest for the
                  | Orb.
     0 | D:1      | Reached XP level 1. HP: 17/17 MP: 1/1
   211 | D:1      | Reached XP level 2. HP: 21/23 MP: 2/2
   642 | D:1      | Reached XP level 3. HP: 26/28 MP: 3/3
   797 | D:2      | Reached skill level 1 in Invocations
  1071 | D:2      | Noticed Terence
  1079 | D:2      | Killed Terence
  1080 | D:2      | Reached skill level 1 in Short Blades
  1080 | D:2      | Reached skill level 1 in Long Blades
  1080 | D:2      | Reached skill level 1 in Axes
  1080 | D:2      | Reached skill level 1 in Maces & Flails
  1080 | D:2      | Reached skill level 1 in Polearms
  1080 | D:2      | Reached skill level 1 in Staves
  1080 | D:2      | Reached skill level 1 in Ranged Weapons
  1080 | D:2      | Reached skill level 1 in Throwing
  1080 | D:2      | Reached skill level 1 in Armour
  1080 | D:2      | Reached skill level 1 in Stealth
  1080 | D:2      | Reached skill level 1 in Shields
  1080 | D:2      | Reached skill level 1 in Spellcasting
  1080 | D:2      | Reached skill level 1 in Evocations
  1080 | D:2      | Reached XP level 4. HP: 24/34 MP: 5/5
  1682 | D:3      | Reached skill level 1 in Conjurations
  1682 | D:3      | Reached skill level 1 in Hexes
  1682 | D:3      | Reached skill level 1 in Summonings
  1682 | D:3      | Reached skill level 1 in Necromancy
  1682 | D:3      | Reached skill level 1 in Translocations
  1682 | D:3      | Reached skill level 1 in Transmutations
  1682 | D:3      | Reached skill level 1 in Fire Magic
  1682 | D:3      | Reached skill level 1 in Ice Magic
  1682 | D:3      | Reached skill level 1 in Air Magic
  1682 | D:3      | Reached skill level 1 in Earth Magic
  1682 | D:3      | Reached skill level 1 in Poison Magic
  1823 | D:3      | Noticed Robin
  1858 | D:3      | Reached XP level 5. HP: 12/40 MP: 6/6
  1873 | D:3      | Killed Robin
  2127 | D:3      | Found a snail-covered altar of Cheibriados.
  2139 | D:3      | Became a worshipper of Cheibriados the Contemplative
  2162 | D:3      | Found a faded altar of an unknown god.
  2345 | D:3      | Found an ornate altar of the Wu Jian Council.
  2345 | D:3      | Found a glowing silver altar of Zin.
  2514 | D:4      | Reached XP level 6. HP: 44/47 MP: 8/8
  2518 | D:4      | Reached skill level 5 in Dodging
  2736 | D:4      | Reached skill level 5 in Fighting
  2736 | D:4      | Reached skill level 5 in Short Blades
  2736 | D:4      | Reached skill level 5 in Long Blades
  2736 | D:4      | Reached skill level 5 in Axes
  2736 | D:4      | Reached skill level 5 in Maces & Flails
  2736 | D:4      | Reached skill level 5 in Polearms
  2736 | D:4      | Reached skill level 5 in Staves
  2736 | D:4      | Reached skill level 5 in Ranged Weapons
  2736 | D:4      | Reached skill level 5 in Throwing
  2736 | D:4      | Reached skill level 5 in Armour
  2736 | D:4      | Reached skill level 5 in Stealth
  2736 | D:4      | Reached skill level 5 in Shields
  2736 | D:4      | Reached skill level 5 in Spellcasting
  2736 | D:4      | Reached skill level 5 in Invocations
  2736 | D:4      | Reached skill level 5 in Evocations
  2736 | D:4      | Reached XP level 7. HP: 57/57 MP: 9/14
  2762 | D:4      | Reached * piety under Cheibriados
  2910 | D:4      | Found a white marble altar of Elyvilon.
  3014 | D:4      | Found an ancient bone altar of Kikubaaqudgha.
  3109 | D:4      | Identified a scroll of acquirement
  3109 | D:4      | Acquired the +1 hat of the Hart {Slay+5}
  3152 | D:5      | Entered Level 5 of the Dungeon
  3152 | D:5      | Found a glowing drain.
  3168 | Sewer    | Entered a sewer
  3401 | D:5      | Reached XP level 8. HP: 62/64 MP: 15/15
  3545 | D:5      | Found a hazy altar of Hepliaklqana.
  3762 | D:5      | Found a sacrificial altar of Ru.
  3870 | D:5      | Found a shimmering altar of Xom.
  4177 | D:6      | Found a staircase to the Ecumenical Temple.
  4352 | D:6      | Reached ** piety under Cheibriados
  5428 | D:7      | Reached XP level 9. HP: 64/69 MP: 15/17
  5675 | D:7      | Reached *** piety under Cheibriados
  6250 | D:7      | Slain by a wight

Illustrated notes

Levels and vault maps discovered:
D:1:      lightli_arrival_maybe_door_vault, layout_rooms, kennysheep_nondescript
D:2:      layout_basic, uniq_terence
D:3:      layout_rooms, slow_altar_2, nicolae_overflow_two_pavilions,
          shapermc_ecumenical_altar_hornbeckon, guppyfry_early_lair_pool,
          uniq_robin
D:4:      layout_rooms, mainiacjoe_overflow_six_doors_small,
          mainiacjoe_overflow_alcove_4
D:5:      layout_basic, nicolae_overflow_hidden_temple,
          worldfamousw_hep_ancestral_shrine, nicolae_ru_awakened_eye,
          cheibrodos_sewer_entry_drain, nrook_mini_backslash
D:6:      layout_loops_corners, minmay_temple_entry_statues_fountains
D:7:      cheibrodos_quashed, layout_basic

Skill      XL: |  1  2  3  4  5  6  7  8  9 |
---------------+----------------------------+-----
Invocations    | 1 2 5 6 |  6.1
Short Blades   | 1 5 |  5.5
Long Blades    | 1 5 |  5.5
Axes           | 1 5 |  5.5
Maces & Flails | 1 5 |  5.5
Polearms       | 1 5 |  5.5
Staves         | 1 5 |  5.5
Ranged Weapons | 1 5 |  5.5
Throwing       | 1 5 |  5.5
Armour         | 1 5 |  5.5
Stealth        | 1 5 |  5.5
Shields        | 1 5 |  5.5
Spellcasting   | 1 5 |  5.5
Evocations     | 1 5 |  5.5
Conjurations   | 1 4 |  4.6
Hexes          | 1 4 |  4.6
Summonings     | 1 4 |  4.6
Necromancy     | 1 4 |  4.6
Translocations | 1 4 |  4.6
Transmutations | 1 4 |  4.6
Fire Magic     | 1 4 |  4.6
Ice Magic      | 1 4 |  4.6
Air Magic      | 1 4 |  4.6
Earth Magic    | 1 4 |  4.6
Poison Magic   | 1 4 |  4.6
Fighting       | 3 5 6 |  6.2
Dodging        | 6 7 |  7.3
Unarmed Combat | 8 |  8.7
Shapeshifting  | 8 |  8.3

Action                     |  1- 3 |  4- 6 |  7- 9 || total
---------------------------+-------+-------+-------++-------
  Melee: Unarmed           |    95 |   152 |   263 ||   510
         Bite              |    10 |    14 |    35 ||    59
         Great sword       |       |       |     4 ||     4
    Use: Scroll            |       |     1 |     5 ||     6
         Potion            |       |     3 |     2 ||     5
   Stab: Distracted        |       |       |     1 ||     1
         Sleeping          |       |       |     1 ||     1
 Armour: Animal skin       |    18 |       |       ||    18
         Ring mail         |       |    65 |    79 ||   144
  Dodge: Dodged            |    60 |   102 |   182 ||   344
   Form: Flux              |     1 |       |       ||     1
         Beast             |       |       |     1 ||     1

Table legend: (Time is in decaauts)
 A = Elapsed time spent in this place.
 B = Non-inter-level travel time spent in this place.
 C = Inter-level travel time spent in this place.
 D = Time resting spent in this place.
 E = Time spent auto-exploring this place.
 F = Levels seen in this place.
 G = Mean time per level.
                   A        B        C        D        E       F      G
               +--------+--------+--------+--------+--------+-----+--------+
         Total |   7458 |   7051 |    407 |      0 |   5887 |   8 |  932.2 |
       Dungeon |   7278 |   6871 |    407 |      0 |   5761 |   7 | 1039.7 |
         Sewer |    179 |    179 |      0 |      0 |    125 |   1 |  179.0 |
               +--------+--------+--------+--------+--------+-----+--------+

Top non-repeatable levels by time:
     D:6: 1718 daAuts
     D:7: 1094 daAuts
     D:5: 1094 daAuts
     D:2: 970 daAuts
     D:3: 874 daAuts
     D:4: 839 daAuts
     D:1: 686 daAuts
   Sewer: 179 daAuts
